 Dungeon Crawl Stone Soup version 0.31.0-12-g77e489cdc1 (webtiles) character file.

Game seed: 3391698389039120552

1383 Amplified the Unhurried (level 8, -7/61 HPs)
             Began as a Demonspawn Wanderer on Mar 7, 2024.
             Was a Believer of Cheibriados.
             Mangled by Prince Ribbit (17 damage)
             ... on level 5 of the Dungeon.
             The game lasted 00:09:49 (4818 turns).

Amplified the Unhurried (Demonspawn Wanderer)       Turns: 4818, Time: 00:09:49

Health: -7/61      AC:  5    Str: 16    XL:     8   Next: 40%
Magic:  14/14      EV:  9    Int: 19    God:    Cheibriados [**....]
Gold:   169        SH: 16    Dex: 24    Spells: 11/15 levels left

rFire   . . .        h - +2 short sword (venom)
rCold   . . .        g - +0 kite shield
rNeg    . . .        d - +0 robe
rPois   .            (no helmet)
rElec   .            s - +0 cloak
rCorr   .            k - +1 pair of gloves
SInv    .            (no boots)
Will    .....        f - amulet of reflection
Stlth   ++++         (no ring)
HPRegen 0.30/turn    (no ring)
MPRegen 0.14/turn

%: reflection
@: mighty, very slow
A: thin skeletal structure 2, powered by pain 1, weakness stinger 2
a: Renounce Religion, Bend Time


You were on level 5 of the Dungeon.
You worshipped Cheibriados.
Cheibriados was pleased with you.
You visited 1 branch of the dungeon, and saw 5 of its levels.

You collected 169 gold pieces.

Inventory:

Hand Weapons
 a - a +0 dagger
 e - a +0 club
 h - a +2 short sword of venom (weapon)
Missiles
 j - 2 throwing nets
 l - 5 poisoned darts
Armour
 d - a +0 robe (worn)
 g - a +0 kite shield (worn)
 k - a +1 pair of gloves (worn)
 n - a +0 ring mail
 s - a +0 cloak (worn)
Magical Staves
 m - a staff of air
Jewellery
 f - an amulet of reflection (around neck)
Talismans
 y - a granite talisman
Wands
 A - a wand of digging (3)
Scrolls
 c - 2 scrolls of fog
 i - 3 scrolls of noise
 p - a scroll of teleportation
 u - a scroll of brand weapon
Potions
 o - 2 potions of curing
 v - a potion of might
 x - a potion of mutation
 z - a potion of degeneration {unknown}


   Skills:
 * Level 4.6 Fighting
 * Level 4.1 Maces & Flails
 - Level 0.9 Armour
 - Level 1.7 Stealth
 * Level 4.0 Shields
 * Level 4.1 Spellcasting
 - Level 4.1 Ice Magic
 + Level 4.7 Invocations
 * Level 2.0 Shapeshifting


You had 11 spell levels left.
You knew the following spells:

 Your Spells              Type           Power      Damage    Failure   Level
a - Freeze                Ice            76%        1d8       7%          1
b - Ozocubu's Armour      Ice            19%        N/A       21%         3

Your spell library contained the following spells:

 Spells                   Type           Power      Damage    Failure   Level
 Ensorcelled Hibernation  Hex/Ice        22%        N/A       24%         2
 Apportation              Tloc           6%         N/A       36%         1
 Kiss of Death            Conj/Necr      12%        2d6       36%         1
 Necrotise                Necr           12%        1d4       36%         1
 Sting                    Conj/Alch      12%        1d3       36%         1
 Summon Small Mammal      Summ           12%        N/A       36%         1
 Confusing Touch          Hex            3%         N/A       75%         3
 Dispel Undead            Necr           3%         3d7       98%         4


Dungeon Overview and Level Annotations

Branches:
Dungeon (5/15)
 Temple: D:4-7

Altars:
Cheibriados
Kikubaaqudgha
Uskayaw

Shops:
D:2 (   D:3 :

Annotations:
D:4 2 transporters
D:5 3 runed translucent doors, Prince Ribbit


Innate Abilities, Weirdness & Mutations

You have a moderately thin skeletal structure. (Dex +4, Stealth++)
You sometimes gain a little power by taking damage.
You have a tail ending in a sharp stinger.


Message History

Found a stone staircase leading down.
Things that are here:
a +0 robe; a +0 dagger
Things that are here:
a +0 robe; a +0 dagger
Okay, then.
You see here a +0 plate armour.
Prince Ribbit croaks.
Prince Ribbit blinks!
No target in view!
Prince Ribbit croaks regally.
You block Prince Ribbit's attack. x2
You puncture Prince Ribbit!
Prince Ribbit is moderately wounded.
You block Prince Ribbit's attack.
You barely miss Prince Ribbit.
Prince Ribbit is moderately wounded.
Prince Ribbit hits you! Prince Ribbit misses you.
You hit Prince Ribbit.
Prince Ribbit is moderately wounded.
Prince Ribbit hits you!
You closely miss Prince Ribbit.
Prince Ribbit is moderately wounded.
You block Prince Ribbit's attack. x2
You hit Prince Ribbit but do no damage.
Prince Ribbit is poisoned.
Your tail-slap misses Prince Ribbit.
Prince Ribbit is moderately wounded.
You block Prince Ribbit's attack.
You barely miss Prince Ribbit. You tail-slap Prince Ribbit!
Prince Ribbit is heavily wounded.
Prince Ribbit hits you! You block Prince Ribbit's attack.
You hit Prince Ribbit but do no damage.
Prince Ribbit looks as sick as possible!
Prince Ribbit is heavily wounded.
Prince Ribbit hits you!
* * * LOW HITPOINT WARNING * * *
You focus on the pain.
You feel very mighty all of a sudden. Prince Ribbit hits you!
You die...

#..>.......###...##........##...
#..........# ##.##....###...#...
#.....[....# #.#....# ...#...
#..........# #.#....# .=##..#
#..........####[+...## ..#....
#<..............+...# Z..#..##
########...###..+...# Z#.##.##
#.#..###.#...## #Z #.## #....#
#@#....# # #.#.
###.####F##....###. #.#.
##.###...###..... ##...
##..........###...###...[
#.(#..........#####.....#
#.##....)...........#..<#
####.##..........#....##.#.#
#.†..######)##......####.#..
######÷#### ###....####.# #...#


You could see Prince Ribbit (extremely poisoned).

Vanquished Creatures
  Duvessa (D:5)
  An ice beast (D:4)
  A black bear (D:4)
  2 ogres (D:5)
  Blork the orc (D:5)
  A bullfrog (D:4)
  A scorpion (D:5)
  Dowan (D:5)
  3 orc priests
  5 hounds
  Crazy Yiuf (D:3)
  An iguana (D:5)
  4 orc wizards
  Natasha (twice) (D:4)
  13 gnolls
  5 adders
  2 dart slugs (D:1)
  19 orcs
  4 bats
  5 endoplasms
  A giant cockroach (D:1)
  6 hobgoblins
  4 jackals
  6 kobolds
  2 quokkas
  2 ball pythons (D:3)
  7 frilled lizards
  4 goblins
  4 rats (D:1)
109 creatures vanquished.

Notes
Turn   | Place    | Note
-------+----------+-------------------------------------------
     0 | D:1      | Amplified the Demonspawn Wanderer began the quest for the
                  | Orb.
     0 | D:1      | Amplified set off with the following items: a +0 dagger, a
                  | +0 cloak, a scroll of fog, a +0 robe, a potion of curing;
                  | and the following spell memorised: Freeze; and the
                  | following spells available to memorise: Ozocubu's Armour,
                  | Ensorcelled Hibernation.
     0 | D:1      | Reached XP level 1. HP: 13/13 MP: 4/4
   190 | D:1      | Reached skill level 1 in Fighting
   190 | D:1      | Gained mutation: You sometimes gain a little power by
                  | taking damage. [demonic ancestry]
   190 | D:1      | Reached XP level 2. HP: 14/21 MP: 0/6
   490 | D:1      | Reached XP level 3. HP: 24/26 MP: 5/7
   709 | D:1      | Reached skill level 1 in Maces & Flails
  1475 | D:2      | Reached skill level 1 in Shields
  1484 | D:2      | Gained mutation: You have a somewhat thin skeletal
                  | structure. (Dex +2, Stealth+) [demonic ancestry]
  1484 | D:2      | Reached XP level 4. HP: 24/33 MP: 8/8
  1604 | D:2      | Found Loevi's Antique Weapon Emporium.
  1628 | D:2      | Found a faded altar of an unknown god.
  1943 | D:3      | Found Ruggiadao's Vocational Training.
  2152 | D:3      | Gained mutation: You have a small tail. [demonic ancestry]
  2152 | D:3      | Reached XP level 5. HP: 39/39 MP: 9/9
  2351 | D:3      | Found a snail-covered altar of Cheibriados.
  2400 | D:3      | Became a worshipper of Cheibriados the Contemplative
  2702 | D:3      | Learned a level 3 spell: Ozocubu's Armour
  2733 | D:3      | Found a runed translucent door.
  2734 | D:3      | Noticed Crazy Yiuf
  2742 | D:3      | Killed Crazy Yiuf
  2743 | D:3      | Reached XP level 6. HP: 34/47 MP: 10/10
  3137 | D:4      | Reached * piety under Cheibriados
  3398 | D:4      | Noticed Natasha
  3400 | D:4      | Killed Natasha
  3401 | D:4      | Gained mutation: You have a tail ending in a sharp stinger.
                  | [demonic ancestry]
  3401 | D:4      | Reached XP level 7. HP: 52/52 MP: 11/11
  3572 | D:4      | Found a transporter.
  3594 | D:4      | Found a transporter.
  3958 | D:4      | Noticed Natasha
  3967 | D:4      | Killed Natasha
  4079 | D:5      | Entered Level 5 of the Dungeon
  4118 | D:5      | Found a runed translucent gate.
  4118 | D:5      | Found a runed translucent gate.
  4118 | D:5      | Found a runed translucent gate.
  4241 | D:5      | Reached skill level 1 in Shapeshifting
  4242 | D:5      | Noticed Prince Ribbit
  4301 | D:5      | Reached ** piety under Cheibriados
  4315 | D:5      | Noticed Duvessa
  4317 | D:5      | Noticed Blork the orc
  4319 | D:5      | Noticed Dowan
  4330 | D:5      | Killed Duvessa
  4330 | D:5      | Killed Blork the orc
  4331 | D:5      | Gained mutation: You have a moderately thin skeletal
                  | structure. (Dex +4, Stealth++) [demonic ancestry]
  4331 | D:5      | Reached XP level 8. HP: 38/61 MP: 13/13
  4332 | D:5      | Killed Dowan
  4507 | D:5      | Found a hide-covered altar of Uskayaw.
  4630 | D:5      | Found an ancient bone altar of Kikubaaqudgha.
  4818 | D:5      | Mangled by Prince Ribbit

Illustrated notes

Levels and vault maps discovered:
D:1:      erik_arrival_triangle_huge, layout_basic, serial_park_tiny_pond
D:2:      layout_loops_ring, chequers_ecumenical_altar_island, serial_shops,
          shop, kennysheep_generic_room_12
D:3:      layout_basic, overflow_temple_1_default, nicolae_shop_vocational,
          uniq_crazy_yiuf_cottage
D:4:      gammafunk_wand_slinger, layout_loops_ring, st_stairs_14,
          kennysheep_minor_cross, minmay_misc_feat_four_crosses,
          minmay_misc_feat_iff, nicolae_grassy_gnolls, uniq_natasha
D:5:      layout_rooms, mainiacjoe_overflow_large_starburst,
          gammafunk_ghost_icy, uniq_blork_the_orc, uniq_prince_ribbit1,
          uniq_duvessa

Skill      XL: |  1  2  3  4  5  6  7  8 |
---------------+-------------------------+-----
Fighting       | 1 2 3 4 |  4.6
Invocations    | 2 3 4 |  4.7
Maces & Flails | 1 2 3 4 |  4.1
Shields        | 1 2 3 4 |  4.0
Ice Magic      | 4 |  4.1
Shapeshifting  | 1 2 |  2.0
Spellcasting   | 4 |  4.1
Armour         | |  0.9
Stealth        | |  1.7

Action                     |  1- 3 |  4- 6 |  7- 9 || total
---------------------------+-------+-------+-------++-------
  Melee: Dagger            |    11 |       |       ||    11
         Club              |    83 |       |       ||    83
         Short sword       |    15 |   125 |   121 ||   261
         Tailslap          |       |    16 |    19 ||    35
   Cast: Freeze            |    19 |       |       ||    19
  Evoke: Wand              |       |     2 |    11 ||    13
    Use: Potion            |     3 |       |     3 ||     6
         Scroll            |     1 |     4 |     7 ||    12
   Stab: Sleeping          |     3 |     7 |     2 ||    12
         Distracted        |       |       |     1 ||     1
 Armour: Robe              |    59 |    61 |    40 ||   160
         Skin              |       |       |    18 ||    18
  Dodge: Dodged            |    33 |    38 |    28 ||    99
  Block: Other             |     3 |       |       ||     3
         Kite shield       |    82 |   108 |    83 ||   273
         Reflection        |     2 |       |     1 ||     3
